 Dungeon Crawl Stone Soup version 0.30-a0-528-g8c47a4955b (webtiles) character file.

Game seed: 8935981902922738684

620 kae the Conjurer (level 7, -2/36 HPs)
             Began as a Tengu Fire Elementalist on Dec 23, 2022.
             Slain by a gnoll
             ... wielding a +0 flail
              (6 damage)
             ... on level 5 of the Dungeon.
             The game lasted 00:03:26 (3473 turns).

kae the Conjurer (Tengu Fire Elementalist)          Turns: 3473, Time: 00:03:27

Health: -2/36      AC:  3    Str: 15    XL:     7   Next: 46%
Magic:  10/13      EV: 14    Int: 17    God:
Gold:   212        SH:  0    Dex: 14    Spells: 7/13 levels left

rFire   . . .      SeeInvis .    j - +2 dagger (freeze)
rCold   . . .      Faith    .    (no shield)
rNeg    + . .      Spirit   .    a - +1 robe
rPois   .          Reflect  .    (helmet restricted)
rElec   .          Harm     .    (no cloak)
rCorr   .          Rampage  .    (no gloves)
Will    .....                    (boots unavailable)
Stlth   ++                       (no amulet)
HPRegen 0.26/turn                N - ring of positive energy
MPRegen 0.13/turn                S - +6 ring of strength

@: lethally poisoned (-2 -> -6), flying quickly and evasively, quick
A: beak, talons 3, nimble flight
a: no special abilities


You were on level 5 of the Dungeon.
You visited 1 branch of the dungeon, and saw 6 of its levels.

You collected 212 gold pieces.


Innate Abilities, Weirdness & Mutations

You have a beak for a mouth.
You have claws for feet.
Your magical nature lets you fly swiftly and evasively.


   Skills:
 - Level 2.1 Dodging
 - Level 2.0 Stealth
 + Level 3.6 Spellcasting
 * Level 6.5 Conjurations
 * Level 6.3 Fire Magic


You had 7 spell levels left.
You knew the following spells:

 Your Spells              Type           Power      Damage    Failure   Level
a - Foxfire               Conj/Fire      100%       2x1d9     1%          1
b - Scorch                Fire           48%        2d7       1%          2
c - Inner Flame           Hex/Fire       13%        N/A       13%         3

Your spell library contained the following spells:

 Spells                   Type           Power      Damage    Failure   Level
 Flame Wave               Conj/Fire      25%        2d8       12%         4
 Dazzling Flash           Conj/Hex       28%        N/A       13%         3
 Kindle Blastsparks       Fire/Tloc/Air  20%        2d11      21%         3
 Iskenderun's Mystic Bla  Conj/Tloc      14%        2d5       38%         4
 Starburst                Conj/Fire      12%        6d5       87%         6
 Freezing Cloud           Conj/Ice/Air   5%         6-21      88%         5
 Summon Forest            Summ/Tloc      1%         N/A       99%         5
 Summon Mana Viper        Hex/Summ       3%         N/A       99%         5
 Simulacrum               Ice/Necr       1%         N/A       100%        6
 Summon Cactus Giant      Summ           1%         N/A       100%        6
 Polar Vortex             Ice            1%         N/A       100%        9

Inventory:

Hand Weapons
 j - a +2 dagger of freezing (weapon)
   (You took it off a kobold on level 1 of the Dungeon)
Missiles
 f - 54 stones
 k - 2 poisoned darts
 m - 2 atropa-tipped darts
 o - 9 boomerangs
Armour
 a - a +1 robe (worn)
Jewellery
 p - a ring of willpower
   (You found it on level 4 of the Dungeon)
 N - a ring of positive energy (left hand)
   (You found it on level 1 of the Dungeon)
 S - a +6 ring of strength (right hand)
   (You took it off an orc on level 3 of the Dungeon)
Scrolls
 c - 3 scrolls of vulnerability {!r!r}
 e - a scroll of fog
 g - a scroll of blinking {!r}
 h - a scroll of immolation {!r!r}
 l - a scroll of enchant weapon
 n - 2 scrolls of enchant armour
 q - 2 scrolls of identify {@r1}
 r - a scroll of summoning
Potions
 i - a potion of resistance

Dungeon Overview and Level Annotations

Branches:
Dungeon (6/15) Zot: 26958
 Temple: D:4-7

Altars:

### #@#
###g##
#(..)#
#....#
.......##
.......).#
##..$...)#
##.......
#........


You could see a gnoll.


Message History

Casting: Scorch (safe; 1% risk of failure)
Confirm with . or Enter, or press ? or * to list all spells.
Flames lash the gnoll.
You kill the gnoll!
The scorpion barely misses you.
The scorpion misses you. 😮 HP[+1] MP[-2]
You lost 2 mp, and now have 7/13 mp.
Casting: Scorch (safe; 1% risk of failure)
Confirm with . or Enter, or press ? or * to list all spells.
Flames lash the orc.
The orc's fire resistance burns away.
The scorpion barely misses you.
The gnoll is no longer more vulnerable to fire.
The scorpion stings you.
* * * LOW HITPOINT WARNING * * *
😨 HP[-3] MP[-1]
You take 3 damage, and now have 16/36 hp.
You lost 1 mp, and now have 6/13 mp.
Casting: Scorch (safe; 1% risk of failure)
Confirm with . or Enter, or press ? or * to list all spells.
Flames lash the orc.
The orc is burned terribly!
You kill the orc!
The scorpion stings you.
* * * LOW HITPOINT WARNING * * *
You are poisoned.
The scorpion poisons you!
You feel very sick. The scorpion closely misses you.
The scorpion completely misses you. 😨 HP[-3] MP[-2]
You take 3 damage, and now have 13/36 hp.
You lost 2 mp, and now have 4/13 mp.
Unknown command.
Casting: Scorch (safe; 1% risk of failure)
Confirm with . or Enter, or press ? or * to list all spells.
Flames lash the scorpion.
The scorpion's fire resistance burns away.
You feel sick. The scorpion stings you.
* * * LOW HITPOINT WARNING * * *
* * * LOW HITPOINT WARNING * * *
You feel sick.
The scorpion barely misses you. 😱 HP[-8] MP[-2]
You take 8 damage, and now have 5/36 hp.
MASSIVE DAMAGE!! (PAUSE)
You lost 2 mp, and now have 2/13 mp.
You feel better. The scorpion stings you.
* * * LOW HITPOINT WARNING * * *
😱 HP[+4]
You regained 4 hp, and now have 9/36 hp.
Magic courses through your body. The scorpion stings you!
* * * LOW HITPOINT WARNING * * *
You are lethally poisoned!
The scorpion poisons you! 😱 HP[-7] MP[+11]
You take 7 damage, and now have 2/36 hp.
Your mp is fully restored (13).
You feel better. The scorpion barely misses you.
The scorpion misses you. 😱 HP[+5]
You regained 5 hp, and now have 7/36 hp.
You feel better. The scorpion stings you.
* * * LOW HITPOINT WARNING * * *
You are lethally poisoned!
The scorpion poisons you!
You closely miss the scorpion.
* * * LOW HITPOINT WARNING * * *
You feel sick.
The scorpion barely misses you. 😱 HP[-1]
You take 1 damage, and now have 6/36 hp.
You barely miss the scorpion.
* * * LOW HITPOINT WARNING * * *
You feel sick.
The scorpion is no longer more vulnerable to fire.
The scorpion completely misses you. 😱 HP[-2]
You take 2 damage, and now have 4/36 hp.
You feel better.
The scorpion barely misses you. 😨 HP[+9]
You regained 9 hp, and now have 13/36 hp.
Casting: Scorch (safe; 1% risk of failure)
Confirm with . or Enter, or press ? or * to list all spells.
Flames lash the scorpion.
The scorpion's fire resistance burns away.
The scorpion stings you.
* * * LOW HITPOINT WARNING * * *
The scorpion barely misses you. The scorpion stings you.
* * * LOW HITPOINT WARNING * * *
You are lethally poisoned!
The scorpion poisons you! 😱 HP[-5] MP[-1]
You take 5 damage, and now have 8/36 hp.
You lost 1 mp, and now have 12/13 mp.
Casting: Scorch (safe; 1% risk of failure)
Confirm with . or Enter, or press ? or * to list all spells.
Flames lash the scorpion.
The scorpion is burned terribly!
You kill the scorpion!
* * * LOW HITPOINT WARNING * * *
You feel sick.
* * * LOW HITPOINT WARNING * * *
You feel sick. The gnoll hits you with a +0 flail.
You die...

Skill      XL: |  1  2  3  4  5  6  7 |
---------------+----------------------+-----
Conjurations   | 2 3 4 5 6 |  6.5
Fire Magic     | 4 5 6 |  6.3
Spellcasting   | 3 |  3.6
Dodging        | |  2.1
Stealth        | |  2.0

Action                   |  1- 3 |  4- 6 |  7- 9 || total
-------------------------+-------+-------+-------++-------
Melee: Unarmed           |     8 |       |       ||     8
       Kick              |     3 |       |     1 ||     4
       Dagger            |     3 |     1 |     4 ||     8
       Peck              |     1 |     1 |     1 ||     3
 Cast: Foxfire           |    64 |    45 |    18 ||   127
       Scorch            |     7 |     6 |    10 ||    23
  Use: Scroll            |    10 |     1 |     1 ||    12
       Potion            |       |       |     6 ||     6
Armor: Robe              |     2 |     1 |     1 ||     4
Dodge: Dodged            |    11 |     5 |    24 ||    40

Levels and vault maps discovered:
D:1:      evilmike_arrival_plus, layout_loops_ring, item_on_display_a
D:2:      layout_basic, kennysheep_generic_room_8
D:3:      layout_loops_ring, serial_bayou_pond_a
D:4:      layout_gridville, serial_bayou, serial_bayou_pond_b,
          serial_bayou_pond_b, serial_bayou_lake_a, serial_bayou_lagoon_a,
          uniq_ijyb, uniq_menkaure
D:5:      layout_cave_pools, serial_shops, shop, grunt_decor_one_mirror,
          corexii_hall_statues_s, dk_noncrumbling_4
D:6:      layout_basic, mainiacjoe_overflow_concentric_impassable

Notes
Turn   | Place    | Note
-------+----------+-------------------------------------------
     0 | D:1      | kae the Tengu Fire Elementalist began the quest for the
                  | Orb.
     0 | D:1      | Reached XP level 1. HP: 10/10 MP: 4/4
     0 | D:1      | magus.rc [v1.11.3]
   187 | D:1      | Reached skill level 2 in Conjurations
   187 | D:1      | Reached XP level 2. HP: 15/15 MP: 0/6
   638 | D:1      | Reached XP level 3. HP: 19/19 MP: 2/7
   641 | D:1      | Learned a level 2 spell: Scorch
   645 | D:1      | Learned a level 3 spell: Inner Flame
  1323 | D:2      | Reached skill level 4 in Fire Magic
  1368 | D:2      | You pick up a book of the Wilderness and begin reading...
  1368 | D:2      | You add the spells Summon Forest, Summon Mana Viper and
                  | Summon Cactus Giant to your library.
  1441 | D:2      | Reached skill level 3 in Conjurations
  2056 | D:2      | Reached XP level 4. HP: 24/24 MP: 1/8
  2221 | D:3      | Reached skill level 4 in Conjurations
  2221 | D:3      | Gained mutation: Your magical nature lets you fly swiftly
                  | and evasively. [Tengu growth]
  2221 | D:3      | Reached XP level 5. HP: 26/28 MP: 2/10
  2706 | D:3      | Reached skill level 5 in Fire Magic
  2867 | D:4      | Noticed a black bear
  2872 | D:4      | Reached skill level 3 in Spellcasting
  2872 | D:4      | Reached XP level 6. HP: 32/32 MP: 7/11
  2874 | D:4      | Killed a black bear
  2875 | D:4      | Reached skill level 5 in Conjurations
  3008 | D:4      | Noticed Menkaure
  3025 | D:4      | Killed Menkaure
  3026 | D:4      | Reached XP level 7. HP: 24/36 MP: 6/13
  3125 | D:4      | Reached skill level 6 in Conjurations
  3138 | D:4      | Reached skill level 6 in Fire Magic
  3215 | D:4      | You pick up a book of Ice and begin reading...
  3215 | D:4      | You add the spells Freezing Cloud, Simulacrum and Polar
                  | Vortex to your library.
  3291 | D:4      | You are sucked into a shaft and drop 2 floors!
  3358 | D:6      | You pick up a book of Spectacle and begin reading...
  3358 | D:6      | You add the spells Dazzling Flash, Iskenderun's Mystic
                  | Blast and Starburst to your library.
  3432 | D:5      | Entered Level 5 of the Dungeon
  3461 | D:5      | HP: 7/36 [scorpion (5)]
  3464 | D:5      | HP: 2/36 [scorpion (7)]
  3470 | D:5      | HP: 8/36 [scorpion (5)]
  3473 | D:5      | Slain by a gnoll

Vanquished Creatures
  Menkaure (D:4)
  A black bear (D:4)
  A necrophage (D:4)
  A scorpion (D:5)
  A hound (D:4)
  A jelly (D:4)
  An orc priest (D:3)
  3 orc wizards
  2 gnolls (D:5)
  4 adders
  2 dart slugs (D:1)
  11 orcs
  2 endoplasms
  3 giant cockroaches
  5 goblins
  A hobgoblin (D:3)
  5 jackals
  4 quokkas
  3 ball pythons
  5 bats
  A frilled lizard (D:1)
  7 kobolds
  4 rats
69 creatures vanquished.

Vanquished Creatures (collateral kills)
  13 foxfires
13 creatures vanquished.

Vanquished Creatures (others)
  201 foxfires
  6 plants (D:4)
207 creatures vanquished.

Grand Total: 289 creatures vanquished

Table legend:
 A = Non-vault XP
 B = Vault XP
 C = Vault XP percentage of total XP
 D = Non-vault monster count
 E = Vault monster count
 F = Vault count percentage of total count
                 A         B        C        D         E       F
            +---------+---------+-------+---------+---------+-------
      Total |     553 |     334 |  37.7 |      65 |       4 |   5.8
            +---------+---------+-------+---------+---------+-------
        D:1 |      34 |       0 |   0.0 |      19 |       0 |   0.0
        D:2 |      73 |       2 |   2.7 |      16 |       1 |   5.9
        D:3 |     159 |       0 |   0.0 |      19 |       0 |   0.0
        D:4 |     165 |     332 |  66.8 |       6 |       3 |  33.3
        D:5 |     119 |       0 |   0.0 |       4 |       0 |   0.0
        D:6 |       3 |       0 |   0.0 |       1 |       0 |   0.0
            +---------+---------+-------+---------+---------+-------

Illustrated notes

Table legend:
 A = Kills in this place as a percentage of kills in entire the game.
 B = Kills by you in this place as a percentage of kills by you in the entire game.
 C = Kills by friends in this place as a percentage of kills by friends in the entire game.
 D = Other kills in this place as a percentage of other kills in the entire game.
 E = Experience gained in this place as a percentage of experience gained in the entire game.
 F = Experience gained in this place divided by the number of levels of this place that you have seen.
                   A       B       C       D       E      F
               +-------+-------+-------+-------+-------+----------------------
         Total | 100.0 | 100.0 |   N/A |   N/A | 100.0 | 147.8
       Dungeon | 100.0 | 100.0 |   N/A |   N/A | 100.0 | 147.8
               +-------+-------+-------+-------+-------+----------------------

Table legend: (Time is in decaauts)
 A = Elapsed time spent in this place.
 B = Non-inter-level travel time spent in this place.
 C = Inter-level travel time spent in this place.
 D = Time resting spent in this place.
 E = Time spent auto-exploring this place.
 F = Levels seen in this place.
 G = Mean time per level.
                   A        B        C        D        E       F      G
               +--------+--------+--------+--------+--------+-----+--------+
         Total |   3402 |   3286 |    116 |    101 |   2647 |   6 |  567.0 |
       Dungeon |   3402 |   3286 |    116 |    101 |   2647 |   6 |  567.0 |
               +--------+--------+--------+--------+--------+-----+--------+

Top non-repeatable levels by time:
     D:1: 960 daAuts
     D:3: 922 daAuts
     D:2: 904 daAuts
     D:4: 446 daAuts
     D:6: 128 daAuts
     D:5: 40 daAuts
